cohdb
Replays
Latest Replays
All Replays
Popular Replays
Top Player Replays
Match Explorer
How It Works
Community
CoH3 Stats
Reddit
Sign in to upload your games and track your stats! →
Sign in with Steam
Match 43996684
Unlisted
Match 43996684
Overview
Messages
Build Orders
End
Pioneer Squad
Construct Infanterie Kompanie
Selects Terror Battlegroup
Selects Machine Gun Camouflage
MG 42 Machine Gun Team
Grenadier Squad
MG 42 Machine Gun Team
Selects Interrogate
Grenadier Squad
Construct Luftwaffe Kompanie
221 Scout Car
GrW 34 Mortar Team
Medical Bunker
Jäger Squad
Support Elements
Wirbelwind Flakpanzer
Infanterie Officer Quarters
Selects Jericho Trumpet
Wirbelwind Flakpanzer
Marder III M Tank Destroyer
Side Skirts
MG 42 Machine Gun Team
Selects V1 Rocket Strike
Marder III M Tank Destroyer
V1 Rocket Strike
Jäger Squad
Construct Panzer Kompanie
Luftwaffe Officer Quarters
Stoßtruppen Squad
Selects No Quarter
V1 Rocket Strike
Marder III M Tank Destroyer
Selects King Tiger Heavy Tank
Panzer Officer Quarters
King Tiger Heavy Tank
King Tiger Heavy Tank
MähnGiL
Barbarossa
CPU - Very Easy
Martinez
0
0
Comments
sign in to comment!
No comments posted yet!